 Dungeon Crawl Stone Soup version 0.31-a0-1237-gabc64e778c (webtiles) character file.

Game seed: 17748274680930722925

155 backslashecho the Sneak (level 5, -13/49 HPs)
             Began as an Octopode Air Elementalist on Dec 15, 2023.
             Killed by divine providence
             ... invoked by an orc priest
              (16 damage)
             ... on level 4 of the Dungeon.
             The game lasted 00:07:02 (2835 turns).

backslashecho the Sneak (Octopode Air Elementalist) Turns: 2835, Time: 00:07:03

Health: -13/49     AC: 22    Str:  7    XL:     5   Next: 37%
Magic:  0/9        EV:  2    Int: 19    God:
Gold:   133        SH:  0    Dex: 13    Spells: 6/9 levels left

rFire   . . .        a - +2 whip (elec)
rCold   . . .        (no shield)
rNeg    . . .        (helmet currently unavailable)
rPois   +            (no amulet)
rElec   .            l - +5 ring of evasion
rCorr   .            (no ring)
SInv    .            (no ring)
Will    .....        (no ring)
Stlth   ++           (no ring)
HPRegen 0.28/turn    (no ring)
MPRegen 0.11/turn    (no ring)
                     (no ring)

%: no passive effects
@: tree-form
A: stationary, stasis, torment immunity, boosted hp, almost no armour,
(amphibious), 8 rings, (camouflage 1), (gelatinous body 1), (nimble swimmer 1),
(tentacles)
a: no special abilities


You were on level 4 of the Dungeon.
You were a tree.
You visited 1 branch of the dungeon, and saw 6 of its levels.

You collected 133 gold pieces.

Inventory:

Hand Weapons
 a - a +2 whip of electrocution (weapon)
 c - a +1 dagger of draining
Missiles
 f - 10 poisoned darts
Armour
 m - a +0 tower shield
Magical Staves
 b - a staff of poison
 p - a staff of air
Jewellery
 h - a ring of ice
 l - a +5 ring of evasion (left branch)
Wands
 o - a wand of flame (12)
Scrolls
 d - a scroll of amnesia {unknown}
 g - a scroll of identify {unknown}
 k - a scroll of fog {unknown}
 n - 2 scrolls of teleportation {unknown}
Potions
 i - a potion of magic
 j - a potion of invisibility {unknown}


   Skills:
 + Level 1.3 Fighting
 - Level 2.0 Dodging
 - Level 4.0 Stealth
 + Level 2.7 Spellcasting
 * Level 3.1 Conjurations
 + Level 3.6 Air Magic


You had 6 spell levels left.
You knew the following spells:

 Your Spells              Type           Power      Damage    Failure   Level
a - Shock                 Conj/Air       60%        1d6       4%          1
c - Static Discharge      Conj/Air       30%        3-5/arc   6%          2

Your spell library contained the following spells:

 Spells                   Type           Power      Damage    Failure   Level
 Swiftness                Air            16%        N/A       11%         3
 Airstrike                Air            8%         2d(2-18)  34%         4


Dungeon Overview and Level Annotations

Branches:
Dungeon (6/15)
 Temple: D:4-7

Altars:
Ru
Wu Jian

Annotations:
D:6 exclusion: troll


Innate Abilities, Weirdness & Mutations

You are a tree.
Your roots penetrate the ground, keeping you stationary.
You cannot be teleported.
You are immune to unholy pain and torment.
Your maximum health is greatly increased.
You cannot wear most types of armour.
((You are amphibious.))
You can wear up to eight rings at the same time.
((Your skin changes colour to match your surroundings (Stealth+).))
((Your rubbery body absorbs attacks. (AC +1, EV +1)))
((You are camouflaged when in or above water. (Stealth+)))
((You have tentacles for arms and can constrict up to eight enemies at once.))


Message History

You barely miss the orc priest. You grab the orc priest.
The orc priest is heavily wounded.
You constrict the orc priest, but do no damage.
The orc wizard barely misses you. The orc priest barely misses you.
The orc wizard hits you with a +0 dagger.
* * * LOW HITPOINT WARNING * * *
You take 3 damage, and have 2/33 hp.
It was a potion of lignification.
You turn into a tree.
Your roots penetrate the ground.
You lose your grip on the orc priest.
The orc priest hits you but does no damage.
The orc wizard hits you but does no damage.
You now have 3/49 hp.
You closely miss the orc wizard.
The orc wizard is severely wounded.
The orc priest calls upon Beogh to heal the orc wizard.
The orc wizard is healed somewhat.
The orc wizard hits you but does no damage.
Casting: Static Discharge (safe; 6% risk of failure)
Confirm with . or Enter, or press ? or * to list all spells.
Aiming: Shock (safe; 4% risk of failure)
Press: ? - help, Shift-Dir - straight line, f/p - orc priest
Aim: an orc priest, wielding a +0 falchion and wearing a +0 ring mail (heavily wounded, 75% to hit)
The zap hits the orc priest but does no damage.
The orc priest is heavily wounded.
The orc priest hits you but does no damage.
The orc wizard hits you but does no damage.
You now have 0/9 mp.
You hit the orc priest.
The orc priest is heavily wounded.
The orc priest hits you but does no damage.
An endoplasm comes into view.
The orc wizard hits you but does no damage.
The endoplasm quivers.
You hit the orc priest but do no damage.
The orc priest is heavily wounded.
The orc priest hits you but does no damage.
The orc wizard mumbles some strange words.
The orc wizard flickers and vanishes!
Deactivating autopickup; reactivate with Ctrl-A.
You hit the orc priest.
The orc priest is severely wounded.
The orc priest hits you but does no damage.
Something hits you.
* * * LOW HITPOINT WARNING * * *
You take 2 damage, and have 3/49 hp.
You barely miss the orc priest.
The orc priest is severely wounded.
The orc priest invokes the aid of Beogh against you.
Beogh smites you!
You die...

### ....
....########
...........#
...J.......#
...........#
...........#
.......o)..#
.......{♣..#
........)..#
...........#
...........#
...........#
...........#
.###.###+###
#.


You could see an orc priest and an endoplasm.

Vanquished Creatures
  A hound (D:5)
  A scorpion zombie (D:3)
  An adder (D:6)
  4 ufetubi
  2 dart slugs
  4 orcs
  6 ball pythons
  7 bats
  4 endoplasms
  4 giant cockroaches
  4 goblins
  3 hobgoblins
  5 jackals (D:2)
  7 kobolds
  A quokka (D:1)
  3 frilled lizards
  A giant cockroach zombie (D:3)
  5 rats
63 creatures vanquished.

Notes
Turn   | Place    | Note
-------+----------+-------------------------------------------
     0 | D:1      | backslashecho the Octopode Air Elementalist began the quest
                  | for the Orb.
     0 | D:1      | Reached XP level 1. HP: 11/11 MP: 3/3
   139 | D:1      | Reached skill level 3 in Stealth
   238 | D:1      | Reached XP level 2. HP: 17/17 MP: 1/5
  1165 | D:2      | Reached XP level 3. HP: 21/21 MP: 6/6
  1175 | D:2      | Learned a level 2 spell: Static Discharge
  1627 | D:2      | Reached skill level 4 in Stealth
  2063 | D:3      | Reached XP level 4. HP: 27/27 MP: 5/7
  2273 | D:3      | Found an ornate altar of the Wu Jian Council.
  2353 | D:3      | Found a sacrificial altar of Ru.
  2435 | D:3      | You fall into a shaft and drop 3 floors!
  2491 | D:6      | Reached skill level 1 in Fighting
  2537 | D:6      | Noticed a troll
  2557 | D:5      | Entered Level 5 of the Dungeon
  2628 | D:5      | Reached XP level 5. HP: 20/33 MP: 1/8
  2835 | D:4      | Killed from afar by an orc priest

Illustrated notes

Levels and vault maps discovered:
D:1:      psy_arrival_terrarium, layout_basic
D:2:      layout_loops_ring, kennysheep_nub
D:3:      layout_loops_ring, mainiacjoe_overflow_cross_hatched,
          amcnicky_altar_gilded, serial_undead, serial_undead_d,
          serial_undead_a, serial_undead_b, serial_undead_f,
          chequers_serial_rivers_micro_a, minivault_24
D:4:      layout_basic, minmay_temple_entry_glassed_door
D:5:      layout_cave_pods, serial_bayou_lagoon_b
D:6:      layout_rooms, trog_wizard, makhleb_blood_cavern_becter

Skill      XL: |  1  2  3  4 |
---------------+-------------+-----
Stealth        | 3 4 |  4.0
Conjurations   | 2 3 |  3.1
Fighting       | 1 |  1.3
Dodging        | |  2.0
Spellcasting   | |  2.7
Air Magic      | |  3.6

Action                     |  1- 3 |  4- 6 || total
---------------------------+-------+-------++-------
  Melee: Dagger            |    17 |       ||    17
         Constrict         |     4 |     2 ||     6
         Tentacles         |     3 |     2 ||     5
         Whip              |     7 |    11 ||    18
   Cast: Shock             |    67 |    31 ||    98
         Static Discharge  |       |     9 ||     9
    Use: Potion            |       |     1 ||     1
   Stab: Sleeping          |     4 |       ||     4
 Armour: Skin              |     8 |    34 ||    42
  Dodge: Dodged            |    29 |    16 ||    45

Table legend: (Time is in decaauts)
 A = Elapsed time spent in this place.
 B = Non-inter-level travel time spent in this place.
 C = Inter-level travel time spent in this place.
 D = Time resting spent in this place.
 E = Time spent auto-exploring this place.
 F = Levels seen in this place.
 G = Mean time per level.
                   A        B        C        D        E       F      G
               +--------+--------+--------+--------+--------+-----+--------+
         Total |   2836 |   2640 |    196 |    300 |   1766 |   6 |  472.7 |
       Dungeon |   2836 |   2640 |    196 |    300 |   1766 |   6 |  472.7 |
               +--------+--------+--------+--------+--------+-----+--------+

Top non-repeatable levels by time:
     D:1: 1156 daAuts
     D:2: 961 daAuts
     D:3: 315 daAuts
     D:5: 257 daAuts
     D:6: 121 daAuts
     D:4: 23 daAuts
